 Dungeon Crawl Stone Soup version 0.25.1-2-g60ff931df9 (webtiles) character file.

Game seed: 3530167530592988218

60060 iamyoyoman the Impaler (level 15, -16/127 HPs)
             Began as a Formicid Fighter on Aug 15, 2020.
             Was a Believer of Uskayaw.
             Demolished by a tentacle (19 damage)
             ... attached to a kraken
             ... on level 2 of the Shoals.
             The game lasted 01:18:29 (21006 turns).

iamyoyoman the Impaler (Formicid Fighter)          Turns: 21006, Time: 01:18:32

Health: -16/127    AC: 17    Str: 26    XL:     15   Next: 36%
Magic:  0/24       EV: 10    Int:  7    God:    Uskayaw [**....]
Gold:   1158       SH:  0    Dex: 16    Spells: 6/14 levels left

rFire    . . .     SeeInvis +   a - +9 halberd of Sequestration {vorpal, MR+ Dex+6}
rCold    . . .     Gourm    .   c - +0 kite shield
rNeg     . . .     Faith    .   A - +0 swamp dragon scales
rPois    +         Spirit   +   (helmet unavailable)
rElec    .         Reflect  .   t - +2 cloak {Stlth+}
rCorr    .         Harm     .   N - +0 pair of gloves
MR       +++..                  (no boots)
Stlth    ..........             g - amulet of guardian spirit
HPRegen  0.31/turn              C - ring of magical power
MPRegen  0.19/turn              j - ring of wizardry

@: confused
A: permanent stasis, dig shafts and tunnels, four strong arms, antennae 3, claws
1, slimy green scales 1, dopey 1, magic resistance 1
a: Dig, Shaft Self, Stomp, Line Pass, Renounce Religion


You were on level 2 of the Shoals.
You worshipped Uskayaw.
Uskayaw was noncommittal.
You were very hungry.

You visited 4 branches of the dungeon, and saw 17 of its levels.
You also visited: Ice Cave.

You collected 1158 gold pieces.

Inventory:

Hand Weapons
 a - the +9 halberd of Sequestration (weapon) {vorpal, MR+ Dex+6}
   (You found it in an ice cave)

   It inflicts extra damage upon your enemies.
   It affects your dexterity (+6).
   It affects your resistance to hostile enchantments.
Armour
 c - a +0 kite shield (worn)
 t - a +2 cloak of stealth (worn)
 A - +0 swamp dragon scales (worn)
 N - a +0 pair of gloves (worn)
Jewellery
 g - an amulet of guardian spirit (around neck)
 j - a ring of wizardry (right hand)
 v - an uncursed ring of ice
 C - a ring of magical power (left hand)
 G - an uncursed ring of fire
 M - an uncursed ring of flight
Wands
 x - a wand of random effects (25)
 y - a wand of iceblast (2)
 z - a wand of flame (36)
 E - a wand of polymorph (6)
 J - a wand of enslavement (9)
Scrolls
 i - 8 scrolls of identify
 k - a scroll of fog
 m - 10 scrolls of remove curse
 o - a scroll of noise
 s - a scroll of fear {unknown}
 w - 2 scrolls of amnesia {unknown}
 B - a scroll of enchant armour {unknown}
 D - a scroll of immolation {unknown}
 H - a scroll of brand weapon {unknown}
Potions
 b - 7 potions of curing
 d - 3 potions of might
 e - 2 potions of lignification
 l - 3 potions of stabbing
 n - a potion of degeneration
 p - 2 potions of magic
 q - 3 potions of mutation
 r - a potion of brilliance
 u - a potion of heal wounds
 F - 2 potions of ambrosia
 O - a potion of resistance {unknown}
Miscellaneous
 h - a box of beasts
 K - a phial of floods
Comestibles
 f - 24 rations


   Skills:
 + Level 14.4 Fighting
 + Level 17.2 Polearms
 + Level 10.5 Armour
 + Level 11.7 Shields
 + Level 0.8 Hexes


You had 6 spell levels left.
You knew the following spells:

 Your Spells              Type           Power        Failure   Level  Hunger
a - Slow                  Hex            #.......     26%         2    ###....
b - Tukima's Dance        Hex            #.......     45%         3    ####...
c - Spectral Weapon       Hex/Chrm       #.......     52%         3    ####...

Your spell library contained the following spells:

 Spells                   Type           Power        Failure   Level  Hunger
 Apportation              Tloc           #.....       26%         1    ##.....
 Beastly Appendage        Tmut           #.....       26%         1    ##.....
 Infusion                 Chrm           #...         26%         1    ##.....
 Magic Dart               Conj           #...         26%         1    ##.....
 Summon Butterflies       Summ           #.......     26%         1    ##.....
 Call Imp                 Summ           #.......     34%         2    ###....
 Shroud of Golubria       Chrm/Tloc      #.....       34%         2    ###....
 Song of Slaying          Chrm           #.......     34%         2    ###....
 Sticks to Snakes         Tmut           #.......     34%         2    ###....
 Confusing Touch          Hex            #.......     45%         3    ####...
 Conjure Flame            Conj/Fire      #.......     56%         3    ####...
 Gell's Gravitas          Tloc           #.........   56%         3    ####...
 Lesser Beckoning         Tloc           #.........   56%         3    ####...
 Mephitic Cloud           Conj/Pois/Air  #.......     56%         3    ####...
 Ozocubu's Armour         Chrm/Ice       #.......     56%         3    ####...
 Spider Form              Tmut/Pois      #.........   56%         3    ####...
 Ice Form                 Ice/Tmut       #.......     91%         4    #####..
 Petrify                  Tmut/Erth      #.......     91%         4    #####..
 Alistair's Intoxication  Tmut/Pois      #.......     99%         5    ######.
 Blade Hands              Tmut           #.........   99%         5    ######.
 Metabolic Englaciation   Hex/Ice        #.........   99%         5    ######.
 Yara's Violent Unravell  Hex/Tmut       #.........   99%         5    ######.
 Invisibility             Hex            #.......     100%        6    #######
 Blink                    Tloc           Unusable     N/A         2    N/A

Dungeon Overview and Level Annotations

Branches:
Dungeon (8/15)             Temple (1/1) D:7            Lair (6/6) D:8
 Shoals (2/4) Lair:3       Spider (0/4) Lair:4        Slime (0/5) Lair:5
  IceCv (visited)

Altars:
Ashenzari
Cheibriados
Dithmenos
Elyvilon
Fedhas
Gozag
Hepliaklqana
Kikubaaqudgha
Makhleb
Nemelex Xobeh
Okawaru
Qazlal
Ru
Sif Muna
Trog
Uskayaw
Vehumet
Wu Jian
Xom
Yredelemnul
Zin
The Shining One


Innate Abilities, Weirdness & Mutations

You cannot be hasted, slowed, berserked, paralysed or teleported.
You can dig through walls and to a lower floor.
Your four strong arms can wield two-handed weapons with a shield.
You have a pair of large antennae on your head. (SInv)
You have sharp fingernails.
You are partially covered in slimy green scales. (AC +2)
You are dopey. (Int -2)
You are resistant to hostile enchantments. (MR+)


Message History

The tentacle slaps you!
* * * LOW HITPOINT WARNING * * *
The tentacle closely misses you.
You feel much better.
The tentacle slaps you but does no damage.
The tentacle slaps you!
* * * LOW HITPOINT WARNING * * *
A tentacle segment bursts forth from the water.
The tentacle slaps you!
* * * LOW HITPOINT WARNING * * *
The tentacle slaps you.
* * * LOW HITPOINT WARNING * * *
You feel much better. The tentacle slaps you!
* * * LOW HITPOINT WARNING * * *
The tentacle slaps you!
* * * LOW HITPOINT WARNING * * *
The tentacle slaps you but does no damage.
A tentacle segment bursts forth from the water.
A tentacle rises from the water!
The tentacle slaps you!!
You die...

.≈..≈≈≈≈≈≈≈≈≈≈≈≈≈≈≈≈≈≈≈≈≈≈≈
.....≈≈≈≈..≈≈≈≈w≈≈≈≈≈≈≈≈≈≈≈≈
.....≈≈≈≈..≈≈≈X≈.....≈≈≈≈≈≈≈≈
..##.≈≈≈≈..≈≈≈≈≈.....≈≈≈≈≈≈≈≈≈
...#.≈.≈≈..*≈≈≈≈≈≈≈≈≈≈≈≈≈≈≈≈≈≈#
....≈≈≈≈≈≈.│≈≈≈*.≈≈≈≈≈≈≈≈≈≈≈≈≈#
..≈≈≈≈≈≈≈≈..\≈≈.\......≈≈≈≈≈≈≈#
...≈≈..≈≈..≈.\.w.w......≈≈≈≈≈≈#
#...≈≈≈<......\.@.......≈≈≈≈≈≈#
##...≈≈........w####....≈≈≈≈≈≈#
#......≈≈......# ####...≈≈≈≈≈#
##......≈≈.(.##÷###.###).≈≈≈≈≈#
....###....#####(...)....≈≈≈≈≈#
.(..###....# ##.......≈≈≈≈≈≈#
≈≈........(# #####...≈..≈≈≈≈≈≈#
........≈≈)###...#.≈≈≈≈≈≈≈≈≈≈≈#
.....≈≈≈≈≈..#......≈≈≈≈≈≈≈≈≈≈≈#


You could see a kraken and 4 tentacles.

Vanquished Creatures
  Frances (Shoals:2)
  A white draconian (IceCv)
  Snorg (Lair:6)
  2 merfolk impalers (Shoals:2)
  5 hydras
  Harold (D:7)
  A two-headed ogre (D:8)
  A merfolk avatar (Shoals:2)
  A satyr (Shoals:2)
  A merfolk aquamancer (Shoals:2)
  2 sea snakes
  A lindwurm (Lair:5)
  3 harpies (Shoals:1)
  An oklob plant (Lair:4)
  A wolf spider (Lair:4)
  5 manticores
  A cyclops (Shoals:2)
  4 fauns (Shoals:2)
  3 black mambas
  2 merfolk sirens (Shoals:2)
  5 elephants (Lair:6)
  A torpor snail (Lair:4)
  2 ice statues (IceCv)
  6 spiny frogs
  A yaktaur (Shoals:1)
  Psyche (D:7)
  A gargoyle (D:8)
  Maggie (D:6)
  6 komodo dragons
  3 rime drakes
  4 merfolk
  A troll (D:8)
  5 hornets
  23 polar bears
  21 dream sheep
  24 blink frogs
  4 hippogriffs
  22 yaks
  3 water elementals (Shoals:2)
  15 spriggans (Lair:6)
  A basilisk (Lair:4)
  Menkaure (D:5)
  11 water moccasins
  4 porcupines
  A sky beast (D:8)
  10 ice beasts
  A phantom (D:4)
  An eye of draining (D:8)
  2 ogres (D:5)
  4 black bears
  2 centaurs
  31 wolves
  4 boggarts (Lair:6)
  8 crocodiles
  A big kobold (D:7)
  11 bullfrogs
  3 killer bees (D:8)
  7 scorpions
  A howler monkey (D:4)
  4 crimson imps
  A quasit (D:7)
  5 hounds
  12 jellies
  Crazy Yiuf (D:4)
  3 orc priests
  A bullfrog zombie (D:6)
  A centaur skeleton (D:5)
  2 bullfrog skeletons (D:4)
  4 orc wizards
  A gnoll shaman (D:7)
  An iguana (D:8)
  5 worker ants
  A hound zombie (D:7)
  A hound skeleton (D:6)
  Robin (D:4)
  13 gnolls
  A river rat (D:4)
  13 adders
  A shadow imp (D:5)
  10 oozes
  3 worms
  4 dart slugs
  3 leopard geckos
  22 orcs
  4 ball pythons
  2 giant cockroaches
  15 goblins
  13 hobgoblins
  10 jackals
  11 kobolds
  6 quokkas
  7 bats
  5 frilled lizards
  A jackal skeleton (D:4)
  A leopard gecko zombie (D:8)
  A quokka skeleton (D:6)
  A quokka zombie (D:5)
  8 rats
  A bush (Shoals:1)
  2 fungi (D:5)
  3 plants
  2 tentacles (Shoals:2)
498 creatures vanquished.

Vanquished Creatures (others)
  2 orcs (D:6)
  2 fungi
  3 plants
  10 tentacles (Shoals:2)
17 creatures vanquished.

Grand Total: 515 creatures vanquished

Notes
Turn   | Place    | Note
-------+----------+-------------------------------------------
     0 | D:1      | iamyoyoman the Formicid Fighter began the quest for the
                  | Orb.
     0 | D:1      | Reached XP level 1. HP: 18/18 MP: 1/1
   363 | D:1      | Reached XP level 2. HP: 24/24 MP: 2/2
  1535 | D:2      | Reached XP level 3. HP: 29/29 MP: 3/3
  1861 | D:2      | Reached skill level 3 in Polearms
  2013 | D:2      | Reached XP level 4. HP: 35/35 MP: 4/4
  2454 | D:3      | Found an iron altar of Okawaru.
  2464 | D:3      | Reached skill level 5 in Shields
  2637 | D:3      | Reached XP level 5. HP: 29/41 MP: 3/5
  2638 | D:3      | Reached skill level 4 in Polearms
  2895 | D:3      | Found a snail-covered altar of Cheibriados.
  2897 | D:3      | Found a glowing silver altar of Zin.
  2910 | D:3      | Found a blossoming altar of Fedhas.
  2910 | D:3      | Found a radiant altar of Vehumet.
  2910 | D:3      | Found a shadowy altar of Dithmenos.
  3016 | D:3      | Gained mutation: Your spells are a little easier to cast,
                  | but a little less powerful. [potion of mutation]
  3016 | D:3      | Gained mutation: You are partially covered in molten
                  | scales. (AC +2) [potion of mutation]
  3016 | D:3      | Gained mutation: You have large cloven feet. [potion of
                  | mutation]
  3367 | D:4      | Reached XP level 6. HP: 47/47 MP: 6/6
  3409 | D:3      | Reached skill level 5 in Polearms
  3691 | D:4      | Noticed Robin
  3704 | D:4      | Reached XP level 7. HP: 52/52 MP: 7/7
  3731 | D:4      | Killed Robin
  3843 | D:4      | Reached skill level 6 in Polearms
  4015 | D:4      | Found a runed translucent door.
  4016 | D:4      | Noticed Crazy Yiuf
  4030 | D:4      | Killed Crazy Yiuf
  4360 | D:5      | Entered Level 5 of the Dungeon
  4485 | D:5      | Reached XP level 8. HP: 48/58 MP: 6/8
  4630 | D:5      | Noticed Menkaure
  4650 | D:5      | Killed Menkaure
  4650 | D:5      | Reached skill level 7 in Polearms
  5220 | D:5      | Reached skill level 8 in Polearms
  5697 | D:6      | Reached XP level 9. HP: 64/64 MP: 9/9
  6061 | D:6      | Reached skill level 9 in Polearms
  6344 | D:6      | Noticed Maggie
  6386 | D:6      | Killed Maggie
  6566 | D:7      | Reached skill level 10 in Polearms
  6622 | D:7      | Found a staircase to the Ecumenical Temple.
  6802 | D:7      | Found an ornate altar of the Wu Jian Council.
  7024 | D:7      | Found a sacrificial altar of Ru.
  7224 | Temple   | Entered the Ecumenical Temple
  7430 | Temple   | Became a worshipper of Uskayaw the Reveler
  7466 | D:8      | Noticed Psyche
  7466 | D:8      | Noticed Harold
  7473 | D:7      | Reached * piety under Uskayaw
  7476 | D:7      | Reached ** piety under Uskayaw
  7496 | D:7      | Reached *** piety under Uskayaw
  7578 | D:7      | Reached **** piety under Uskayaw
  7580 | D:7      | Killed Harold
  7580 | D:7      | Reached skill level 11 in Polearms
  7580 | D:7      | Reached XP level 10. HP: 50/70 MP: 10/10
  7584 | D:7      | Reached ***** piety under Uskayaw
  7586 | D:7      | Killed Psyche
  7586 | D:7      | Reached skill level 12 in Polearms
  7705 | D:8      | Found a radiant altar of Vehumet.
  7932 | D:8      | Reached skill level 13 in Polearms
  8337 | D:8      | Found a staircase to the Lair.
  8338 | D:8      | Noticed a komodo dragon
  8377 | D:8      | Killed a komodo dragon
  8678 | D:8      | Noticed a gargoyle
  8698 | D:8      | Killed a gargoyle
  8915 | D:8      | Noticed a two-headed ogre
  8928 | D:8      | Killed a two-headed ogre
  8928 | D:8      | Reached XP level 11. HP: 62/78 MP: 11/11
  9112 | Lair:1   | Entered Level 1 of the Lair of Beasts
  9232 | Lair:1   | Noticed a four-headed hydra
  9240 | Lair:1   | Killed a four-headed hydra
  9240 | Lair:1   | Reached skill level 5 in Fighting
  9240 | Lair:1   | Reached skill level 5 in Armour
  9320 | Lair:1   | Found a frozen archway.
  9332 | Lair:1   | Reached ****** piety under Uskayaw
  9340 | Lair:1   | Reached skill level 14 in Polearms
  9350 | IceCv    | Entered an ice cave
 10503 | IceCv    | Reached XP level 12. HP: 89/91 MP: 12/12
 10761 | IceCv    | Noticed a white draconian
 10813 | IceCv    | Killed a white draconian
 11133 | IceCv    | Got a translucent halberd
 11147 | IceCv    | Identified the +9 halberd of Sequestration {vorpal, MR+
                  | Dex+6} (You found it in an ice cave)
 11988 | Lair:1   | Lost mutation: You are partially covered in molten scales.
                  | (AC +2) [potion of mutation]
 11988 | Lair:1   | Lost mutation: Your spells are a little easier to cast, but
                  | a little less powerful. [potion of mutation]
 11988 | Lair:1   | Lost mutation: You have large cloven feet. [potion of
                  | mutation]
 11988 | Lair:1   | Gained mutation: Your flesh is heat resistant. (rF+)
                  | [potion of mutation]
 11988 | Lair:1   | Gained mutation: You possess an exceptional clarity of
                  | mind. [potion of mutation]
 11989 | Lair:1   | Lost mutation: You possess an exceptional clarity of mind.
                  | [potion of mutation]
 11989 | Lair:1   | Lost mutation: Your flesh is heat resistant. (rF+) [potion
                  | of mutation]
 11989 | Lair:1   | Gained mutation: You are resistant to hostile enchantments.
                  | (MR+) [potion of mutation]
 11989 | Lair:1   | Gained mutation: You are dopey. (Int -2) [potion of
                  | mutation]
 11989 | Lair:1   | Gained mutation: You are partially covered in slimy green
                  | scales. (AC +2) [potion of mutation]
 11989 | Lair:1   | Gained mutation: You have sharp fingernails. [potion of
                  | mutation]
 13288 | Lair:3   | Found a staircase to the Shoals.
 13319 | Lair:3   | Noticed a four-headed hydra
 13325 | Lair:3   | Killed an eight-headed hydra
 13325 | Lair:3   | Reached skill level 10 in Fighting
 13975 | Lair:4   | Reached XP level 13. HP: 103/103 MP: 13/13
 14072 | Lair:4   | Reached skill level 15 in Polearms
 14335 | Lair:4   | Noticed a five-headed hydra
 14342 | Lair:4   | Killed a ten-headed hydra
 14561 | Lair:4   | Found a hole to the Spider Nest.
 14920 | Lair:4   | Found the +8 whip "Snakebite" {curare, rPois}
 15132 | Lair:4   | Found a blossoming altar of Fedhas.
 15971 | Lair:5   | Found a staircase to the Slime Pits.
 16527 | Lair:6   | Entered Level 6 of the Lair of Beasts
 16539 | Lair:6   | Noticed a five-headed hydra
 16547 | Lair:6   | Killed a seven-headed hydra
 16547 | Lair:6   | Reached skill level 16 in Polearms
 16547 | Lair:6   | Reached skill level 10 in Shields
 16625 | Lair:6   | Noticed a five-headed hydra
 16635 | Lair:6   | Killed an eight-headed hydra
 16654 | Lair:6   | Reached XP level 14. HP: 92/114 MP: 14/14
 16814 | Lair:6   | Reached skill level 10 in Armour
 16882 | Lair:6   | Noticed Snorg
 16893 | Lair:6   | Killed Snorg
 18438 | Lair:5   | Learned a level 2 spell: Slow
 18442 | Lair:5   | Learned a level 3 spell: Tukima's Dance
 18446 | Lair:5   | Learned a level 3 spell: Spectral Weapon
 18486 | Shoals:1 | Entered Level 1 of the Shoals
 19620 | Shoals:2 | Reached XP level 15. HP: 34/125 MP: 12/15
 19632 | Shoals:2 | Reached skill level 17 in Polearms
 20627 | Shoals:2 | Noticed Frances
 20645 | Shoals:2 | Killed Frances
 20969 | Shoals:2 | Noticed a kraken
 21004 | Shoals:2 | HP: 6/127 [tentacle[a kraken] (5)]
 21006 | Shoals:2 | Demolished by a tentacle

Illustrated notes

Levels and vault maps discovered:
D:1:      dpeg_arrival_rooms_c, layout_basic
D:2:      layout_loops_corners, minmay_quadrilaterals
D:3:      layout_loops_ring, grunt_temple_overflow_open, first_ration,
          dk_vineyard_3, okawaru_gym_becter
D:4:      layout_cave_pools, portal_sewer_entry_e, uniq_crazy_yiuf_cottage,
          uniq_robin
D:5:      old_forge, layout_rooms, hangedman_abyss_or_decor_lesser_grid,
          uniq_menkaure
D:6:      layout_gridville, grunt_ministairs_3, uniq_maggie
D:7:      layout_basic, overflow_temple_1_default, old_standard_altar,
          minmay_temple_entry_metal_lava
D:8:      layout_gridville, david_lair_shrubbed, hangedman_little_slice_of_home,
          grunt_ministairs_1, vehumet_altar_wand_db, uniq_psyche, uniq_harold
Temple:   regret_index_temple_generic_petals
Lair:1:   layout_regular_city, portal_ice_cave_entry_ice_beasts,
          infiniplex_staircase_pool, grunt_megastairs_2
Lair:2:   layout_chaotic_city, nicolae_lair_grove_arrangements
Lair:3:   layout_roguey, minmay_shoals_entry_beasts
Lair:4:   minmay_guarded_unrand_snakebite, layout_regular_city,
          spider_nest_entry_rubble, tgw_fedhas
Lair:5:   layout_cave_shapes, minmay_slime_entry_jelly_boxes
Lair:6:   minmay_lair_end_enchanted_forest, layout_big_grid, grunt_megastairs_4,
          serial_bayou_shore_b, uniq_snorg
Shoals:1: layout_shoals, serial_shops, nicolae_shop_stone, yaktaur_hedge
Shoals:2: layout_shoals, uniq_frances

Skill      XL: |  1  2  3  4  5  6  7  8  9 10 11 12 13 14 15 |
---------------+----------------------------------------------+-----
Shields        | 4 5 6 7 8 9 10 11 | 11.7
Polearms       | 3 4 5 6 8 11 13 14 16 17 | 17.2
Fighting       | 4 7 10 11 13 14 | 14.4
Armour         | 4 7 9 10 | 10.5
Hexes          | |  0.8

Action                   |  1- 3 |  4- 6 |  7- 9 | 10-12 | 13-15 || total
-------------------------+-------+-------+-------+-------+-------++-------
Melee: Trident           |    45 |       |       |       |       ||    45
       Spear             |    43 |   164 |   491 |   619 |       ||  1317
       Kick              |       |    18 |   142 |   209 |       ||   369
       Halberd           |       |       |       |    71 |   616 ||   687
Invok: Stomp             |       |       |       |     2 |       ||     2
 Abil: Dig               |       |       |     2 |     4 |       ||     6
Evoke: Wand              |       |       |       |       |     6 ||     6
  Use: Potion            |     3 |     3 |     3 |     6 |     8 ||    23
       Scroll            |       |     8 |       |     5 |     1 ||    14
 Stab: Paralysed         |       |       |     3 |    42 |    39 ||    84
       Sleeping          |       |       |       |       |     1 ||     1
  Eat: Chunk             |     3 |     6 |     8 |     9 |    12 ||    38
       Ration            |       |       |     1 |     4 |     3 ||     8
Armor: Scale mail        |    21 |    63 |    76 |       |       ||   160
       Skin              |       |       |     2 |       |    12 ||    14
       Swamp dragon scal |       |       |    49 |   144 |   136 ||   329
Dodge: Dodged            |    27 |    52 |   107 |   139 |   128 ||   453
Block: Kite shield       |    34 |    82 |   181 |   250 |   247 ||   794
